 Seeded DCSS version 0.30-a0-292-g0f741e3f8e (webtiles) character file.

Game seed: 9700494114414739991 (custom seed)

1064 valliere the Poker (level 8, -1/72 HPs)
             Began as a Naga Reaver on Oct 17, 2022.
             Killed from afar by Natasha (8 damage)
             ... with a magic dart
             ... on level 4 of the Dungeon.
             The game lasted 00:07:23 (3300 turns).

valliere the Poker (Naga Reaver)                    Turns: 3300, Time: 00:07:24

Health: -1/72      AC: 13    Str: 23    XL:     8   Next: 27%
Magic:  11/11      EV:  6    Int: 16    God:
Gold:   651        SH:  0    Dex: 10    Spells: 10/11 levels left

rFire   + . .      SeeInvis +    j - +1 scythe (flame)
rCold   . . .      Faith    .    (shield currently unavailable)
rNeg    + . .      Spirit   .    l - +0 scale mail of Duty {Int+3}
rPois   +          Reflect  .    y - +2 hat
rElec   .          Harm     .    (no cloak)
rCorr   .          Rampage  .    (no gloves)
Will    +....                    f - +1 barding {Fly}
Stlth   ++........               (no amulet)
HPRegen 0.32/turn                s - +6 ring of strength
MPRegen 0.12/turn                e - ring "Ahoesk" {rF+ rN+ Stlth+}

@: about to teleport, short of breath, flying, slowed, very slow
A: AC +2, large, see invisible, deformed body, poison resistance, slowness 2,
spit poison 1, naga tail 1
a: Spit Poison


You were on level 4 of the Dungeon.
You visited 1 branch of the dungeon, and saw 4 of its levels.

You collected 651 gold pieces.

Inventory:

Hand Weapons
 a - a +0 spear
 j - a +1 scythe of flaming (weapon)
Armour
 b - a +0 leather armour
 f - a +1 barding of flying (worn)
 l - the +0 scale mail of Duty (worn) {Int+3}
   (You found it on level 2 of the Dungeon)

   Int:       It affects your intelligence (+3).
 y - a +2 hat (worn)
Jewellery
 c - a ring of protection from cold
 e - the ring "Ahoesk" (right hand) {rF+ rN+ Stlth+}
   (You acquired it on level 1 of the Dungeon)

   [ring of protection from fire]

   rF:        It protects you from fire.
   rN:        It protects you from negative energy.
   Stlth:     It makes you more stealthy.
 r - a ring of fire
 s - a +6 ring of strength (left hand)
Wands
 v - a wand of paralysis (10)
Scrolls
 d - a scroll of fog {unknown}
 g - a scroll of amnesia {unknown}
 i - 3 scrolls of teleportation
 m - 3 scrolls of identify {unknown}
 n - a scroll of vulnerability {unknown}
 o - a scroll of noise {unknown}
 t - a scroll of brand weapon {unknown}
 u - a scroll of immolation {unknown}
 x - a scroll of magic mapping {unknown}
 B - a scroll of blinking {unknown}
Potions
 h - 3 potions of berserk rage {unknown}
 k - 3 potions of magic {unknown}
 p - a potion of attraction {unknown}
 q - 4 potions of brilliance {unknown}
 w - 2 potions of invisibility {unknown}
 z - a potion of haste {unknown}
 A - a potion of flight {unknown}
 C - a potion of mutation {unknown}
 D - a potion of degeneration {unknown}


   Skills:
 + Level 4.0 Fighting
 * Level 5.9 Polearms
 + Level 2.5 Armour
 + Level 3.1 Dodging
 + Level 5.1 Stealth
 - Level 2.0 Spellcasting
 + Level 4.7 Conjurations


You had 10 spell levels left.
You knew the following spells:

 Your Spells              Type           Power      Damage    Failure   Level
a - Kiss of Death         Conj/Necr      36%        2d8       21%         1

Your spell library contained the following spells:

 Spells                   Type           Power      Damage    Failure   Level
 Momentum Strike          Conj/Tloc      18%        3d8       30%         2
 Hailstorm                Conj/Ice       9%         3d4       52%         3
 Ensorcelled Hibernation  Hex/Ice        2%         N/A       61%         2


Dungeon Overview and Level Annotations

Branches:
Dungeon (4/15)
 Temple: D:4-7

Altars:
Fedhas
Wu Jian

Shops:
D:2 (   D:4 :

Annotations:
D:4 Natasha


Innate Abilities, Weirdness & Mutations

Your serpentine skin is tough. (AC +2)
You have supernaturally acute eyesight. (SInv)
Armour fits poorly on your strangely shaped body.
Your system is resistant to poisons. (rPois)
You cover ground very slowly.
You can spit poison.
You have a snake-like lower body.


Message History

The crimson imp blinks!
The kobold hits you but does no damage. x3
The iron imp barely misses you.
Natasha mumbles some strange words.
The kobold hits you but does no damage. x3
The iron imp hits you but does no damage.
Natasha closely misses you.
You barely miss Natasha.
Natasha is moderately wounded.
The kobold hits you with a +0 dagger.
The kobold hits you but does no damage. x2
Natasha barely misses you. The iron imp hits you.
* * * LOW HITPOINT WARNING * * *
The kobold barely misses you.
The kobold hits you but does no damage. x2
Aiming: Spit Poison (1% risk of failure)
Press: ? - help, Shift-Dir - straight line, f - Natasha
Aim: Natasha (moderately wounded, 55% to hit)
The splash of poison hits Natasha but does no damage.
Natasha is moderately wounded.
Natasha claws you but does no damage. The iron imp hits you.
* * * LOW HITPOINT WARNING * * *
The kobold hits you but does no damage. x3
Natasha claws you but does no damage.
Unknown command.
As you read the scroll labelled RIUSIR ELUTIOKH, it crumbles to dust.
You feel strangely unstable.
It was a scroll of teleportation.
The kobold hits you with a +0 dagger.
* * * LOW HITPOINT WARNING * * *
The kobold hits you but does no damage. x2; The iron imp hits you.
* * * LOW HITPOINT WARNING * * *
Natasha casts a spell at you.
You easily resist.
The kobold hits you but does no damage. The kobold completely misses you.
The kobold barely misses you.
The iron imp hits you but does no damage.
You miss Natasha.
Natasha is moderately wounded.
Natasha claws you but does no damage. The kobold barely misses you.
The kobold hits you but does no damage. The kobold hits you with a +0 club.
* * * LOW HITPOINT WARNING * * *
Natasha casts a spell at you. The magic dart hits you!
You die...

...
...##...#.##.....[.
### ##.#
##.............
##.#[#..#####.
#.#.#).# . ..#..# #
.#####..# ~# ..
#)5##~~##.# ##
#5h#≈~~~#.#
#K@#≈≈~~#.#
#KK#≈~~~..#
#.5##~~#<.#
##..#~~#..##### #..
#~#......#
##..#~...###.#
..##.....#.#
..##...#.#<#
#.#.....#####


You could see an iron imp (summoned), Natasha, a crimson imp (summoned), a
shadow imp (summoned) and 3 kobolds.

Vanquished Creatures
  Pikel (D:4)
  Sigmund (D:2)
  A lemure (D:4)
  2 kobold brigands (D:4)
  A bullfrog (D:4)
  An orc priest (D:4)
  Jessica (D:2)
  An iguana (D:4)
  Natasha (D:4)
  An orc wizard (D:4)
  3 gnolls (D:2)
  2 adders
  A worm (D:2)
  3 dart slugs
  5 orcs
  2 bats
  An endoplasm (D:1)
  4 giant cockroaches
  5 goblins
  8 hobgoblins
  6 jackals
  6 kobolds
  5 quokkas
  6 ball pythons
  9 frilled lizards (D:1)
  2 rats
79 creatures vanquished.

Vanquished Creatures (others)
  6 plants (D:1)
6 creatures vanquished.

Grand Total: 85 creatures vanquished

Notes
Turn   | Place    | Note
-------+----------+-------------------------------------------
     0 | D:1      | valliere the Naga Reaver began the quest for the Orb.
     0 | D:1      | Reached XP level 1. HP: 19/19 MP: 3/3
    82 | D:1      | Reached XP level 2. HP: 20/26 MP: 5/5
   140 | D:1      | Reached skill level 1 in Stealth
   260 | D:1      | Identified 3 scrolls of acquirement
   260 | D:1      | Acquired the ring "Ahoesk" {rF+ rN+ Stlth+}
   262 | D:1      | Acquired a +1 barding of flying
   264 | D:1      | Acquired 470 gold pieces
   472 | D:1      | Reached XP level 3. HP: 21/32 MP: 6/6
   932 | D:2      | Noticed Sigmund
   957 | D:2      | Killed Sigmund
   958 | D:2      | Reached skill level 1 in Armour
   958 | D:2      | Reached XP level 4. HP: 17/40 MP: 7/7
   958 | D:2      | Reached XP level 5. HP: 21/48 MP: 8/8
  1061 | D:2      | Identified the +0 scale mail of Duty {Int+3}
  1303 | D:2      | Noticed Jessica
  1308 | D:2      | Killed Jessica
  1318 | D:2      | Got Jessica's Papyrus of Beguiling
  1336 | D:2      | Reached XP level 6. HP: 40/55 MP: 9/9
  1665 | D:2      | Found Nownom's Weapon Shop.
  2318 | D:3      | Found an ornate altar of the Wu Jian Council.
  2674 | D:4      | Noticed Natasha
  2681 | D:4      | Killed Natasha
  2904 | D:4      | Reached XP level 7. HP: 58/58 MP: 10/10
  2918 | D:4      | Found Paozumom's Self-Improvement Boutique.
  2977 | D:4      | Noticed Pikel
  2997 | D:4      | Killed Pikel
  2998 | D:4      | Reached skill level 5 in Polearms
  2998 | D:4      | Reached XP level 8. HP: 47/72 MP: 11/11
  3162 | D:4      | Found a blossoming altar of Fedhas.
  3281 | D:4      | Noticed Natasha
  3290 | D:4      | Reached skill level 5 in Stealth
  3300 | D:4      | Killed from afar by Natasha

Illustrated notes

Levels and vault maps discovered:
D:1:      minmay_arrival_three_doors, layout_rooms, minmay_lizard_king
D:2:      layout_loops_corners, serial_shops, nicolae_diamond_shop,
          kennysheep_jessica_study, uniq_sigmund
D:3:      layout_loops_ring, lemuel_tele_altar, uniq_jessica
D:4:      cheibrodos_thug_alley, layout_loops_ring,
          grunt_temple_overflow_opulence, tgw_fedhas, nicolae_shop_self_help,
          uniq_natasha, uniq_pikel

Skill      XL: |  1  2  3  4  5  6  7  8 |
---------------+-------------------------+-----
Stealth        | 1 2 3 4 5 |  5.1
Polearms       | 4 5 |  5.9
Armour         | 1 2 |  2.5
Dodging        | 2 3 |  3.1
Fighting       | 3 4 |  4.0
Conjurations   | 4 |  4.7
Spellcasting   | |  2.0

Action                   |  1- 3 |  4- 6 |  7- 9 || total
-------------------------+-------+-------+-------++-------
Melee: Spear             |   158 |       |       ||   158
       Punch             |     1 |       |       ||     1
       Halberd           |       |    86 |    98 ||   184
 Abil: Spit Poison       |       |       |     1 ||     1
  Use: Scroll            |     3 |       |     1 ||     4
 Stab: Sleeping          |     3 |     4 |     1 ||     8
Armor: Leather armour    |    34 |       |       ||    34
       Scale mail        |       |    42 |   131 ||   173
Dodge: Dodged            |    71 |    22 |    57 ||   150

Table legend: (Time is in decaauts)
 A = Elapsed time spent in this place.
 B = Non-inter-level travel time spent in this place.
 C = Inter-level travel time spent in this place.
 D = Time resting spent in this place.
 E = Time spent auto-exploring this place.
 F = Levels seen in this place.
 G = Mean time per level.
                   A        B        C        D        E       F      G
               +--------+--------+--------+--------+--------+-----+--------+
         Total |   4192 |   4092 |    100 |    183 |   3098 |   4 | 1048.0 |
       Dungeon |   4192 |   4092 |    100 |    183 |   3098 |   4 | 1048.0 |
               +--------+--------+--------+--------+--------+-----+--------+

Top non-repeatable levels by time:
     D:2: 1578 daAuts
     D:3: 907 daAuts
     D:1: 900 daAuts
     D:4: 806 daAuts
